 Dungeon Crawl Stone Soup version 0.22-a0-782-g038298e (webtiles) character file.

76 sking99 the Insei (level 4, 0/23 HPs)
             Began as a Vine Stalker Transmuter on July 20, 2018.
             Succumbed to an adder's poison
             ... on level 2 of the Dungeon.
             The game lasted 00:02:40 (1827 turns).

sking99 the Insei (Vine Stalker Transmuter)         Turns: 1827, Time: 00:02:40

Health: 0/23       AC:  1    Str: 12    XL:     4   Next: 32%
Magic:  6/8        EV: 12    Int: 13    God:
Gold:   53         SH:  0    Dex: 16    Spells: 4/7 levels left

rFire    . . .     SeeInvis .     - Unarmed
rCold    . . .     Gourm    .   (no shield)
rNeg     . . .     Faith    .   c - -1 robe (curse)
rPois    .         Spirit   +   (no helmet)
rElec    .         Reflect  .   (no cloak)
rCorr    .         Harm     .   (no gloves)
MR       .....                  (no boots)
Stlth    +.........             (no amulet)
HPRegen  0.47/turn              (no ring)
MPRegen  0.11/turn              (no ring)

@: confused, lethally poisoned (0 -> -13)
A: fangs 2, regeneration 1, magic shield, antimagic bite, no potion heal 3, rot
immunity
a: no special abilities


You were on level 2 of the Dungeon.
You were not hungry.

You visited 1 branch of the dungeon, and saw 2 of its levels.

You collected 53 gold pieces.

Inventory:

Missiles
 a - 37 arrows
Armour
 b - a +0 robe
 c - a cursed -1 robe (worn)
Scrolls
 f - a scroll of identify {unknown}
 g - a scroll of fear {unknown}
 i - a scroll of teleportation {unknown}
 j - a scroll of fog {unknown}
Potions
 e - a potion of flight {unknown}
 h - a potion of curing {unknown}
 k - a potion of ambrosia
 m - a potion of cancellation {unknown}
Comestibles
 d - 3 rations
 l - 11 chunks of flesh


   Skills:
 + Level 2.0 Fighting
 - Level 1.7 Dodging
 * Level 4.1 Unarmed Combat
 - Level 2.4 Spellcasting
 - Level 2.2 Transmutations


You had 4 spell levels left.
You knew the following spells:

 Your Spells              Type           Power        Failure   Level  Hunger
a - Beastly Appendage     Tmut           #.....       10%         1    #......
b - Sticks to Snakes      Tmut           #.......     16%         2    ###....

Your spell library contained the following spells:

 Spells                   Type           Power        Failure   Level  Hunger
 Spider Form              Tmut/Pois      #.........   43%         3    ###....
 Blade Hands              Tmut           #.........   95%         5    ######.
 Ice Form                 Ice/Tmut       #.......     83%         4    #####..


Dungeon Overview and Level Annotations

Branches:
Dungeon (2/15)

Altars:


Innate Abilities, Weirdness & Mutations

You have extremely sharp teeth.
Your natural rate of healing is unusually fast.
When hurt, damage is shared between your health and your magic reserves.
Your bite disrupts and absorbs the magic of your enemies.
Potions cannot restore your health.
You are immune to rotting.


Message History

You are lethally poisoned!
The adder poisons you! The adder bites you.
You hit the adder.
The adder is almost dead.
You feel sick. The adder bites you.
* * * LOW HITPOINT WARNING * * *
You are more poisoned.
The adder poisons you!
You hit the adder.
You kill the adder!
Your Fighting skill increases to level 2!
* * * LOW HITPOINT WARNING * * *
You feel sick.
* * * LOW HITPOINT WARNING * * *
You feel sick.
Some of the chunks of flesh in your inventory have rotted away.
It was a potion of ambrosia.
You are confused.
Your system rejects the healing.
You feel invigorated.
You die...

###≈..##≈.≈#.....#.##
#.'..#)÷#..'.#####)##
#.'..#..#..'.# #.##
#.#≈.§##..≈### #.##
#.#≈......≈# #.##
#.#≈§≈≈≈≈≈≈# #.##
#.########## #.#
#.###.# #.. #...@.#
### #####.# #.......#
........# ##..####.#
#..# #..# #[.# ...#


There were no monsters in sight!

Vanquished Creatures
  2 adders (D:2)
  2 dart slugs (D:1)
  4 leopard geckos
  10 bats
  4 giant cockroaches
  4 goblins
  7 hobgoblins
  3 jackals (D:1)
  A quokka (D:2)
  2 frilled lizards
  2 kobolds
  4 rats (D:1)
45 creatures vanquished.

Notes
Turn   | Place    | Note
-------+----------+-------------------------------------------
     0 | D:1      | sking99 the Vine Stalker Transmuter began the quest for the Orb.
     0 | D:1      | Reached XP level 1. HP: 9/9 MP: 4/4
    12 | D:1      | Reached skill level 1 in Fighting
   140 | D:1      | Reached XP level 2. HP: 11/14 MP: 3/6
   669 | D:1      | Reached XP level 3. HP: 15/18 MP: 7/7
   937 | D:1      | Learned a level 2 spell: Sticks to Snakes
  1619 | D:2      | Gained mutation: Your natural rate of healing is unusually fast. [Vine Stalker growth]
  1619 | D:2      | Reached XP level 4. HP: 5/23 MP: 2/8
  1714 | D:2      | Reached skill level 4 in Unarmed Combat
  1826 | D:2      | HP: 1/23 [poisoned by an adder]
  1827 | D:2      | Succumbed to an adder's poison

Vault maps used:
D:1:      dpeg_arrival_radiant
D:2:      first_ration, kennysheep_nondescript, kennysheep_generic_room_7

Skill      XL: |  1  2  3  4 |
---------------+-------------+-----
Fighting       | 1 2 |  2.0
Unarmed Combat | 4 |  4.1
Dodging        | |  1.7
Spellcasting   | |  2.4
Transmutations | |  2.2

Action                   |  1- 3 |  4- 6 || total
-------------------------+-------+-------++-------
Melee: Unarmed           |   142 |    35 ||   177
       Bite              |    32 |     6 ||    38
       Punch             |       |     1 ||     1
  Use: Potion            |       |     1 ||     1
 Stab: Sleeping          |     1 |       ||     1
  Eat: Chunk             |     2 |     1 ||     3
Armor: Robe              |    29 |     5 ||    34
Dodge: Dodged            |    99 |    18 ||   117

Table legend:
 A = Spawn XP
 B = Non-spawn XP
 C = Spawn XP percentage of total XP
 D = Spawn monster count
 E = Non-spawn monster count
 F = Spawn count percentage of total count
 G = Total turns spent on level
                    A         B        C        D         E        F      G
               +---------+---------+-------+---------+---------+-------+---------
         Total |       0 |     109 |   0.0 |       0 |      45 |   0.0 |  1827
               +---------+---------+-------+---------+---------+-------+---------
           D:1 |       0 |      49 |   0.0 |       0 |      25 |   0.0 |   976
           D:2 |       0 |      60 |   0.0 |       0 |      20 |   0.0 |   851
               +---------+---------+-------+---------+---------+-------+---------
